 Dungeon Crawl Stone Soup version 0.31-a0-1300-gb6740aa4e6 (webtiles) character file.

Game seed: 14421575976948498411

1178 gelatine the Chiller (level 8, 0/61 (68) HPs)
             Began as a Hill Orc Ice Elementalist on Dec 19, 2023.
             Was an Initiate of Vehumet.
             Slain by a wight
             ... wielding a +4 war axe
              (4 damage)
             ... on level 6 of the Dungeon.
             The game lasted 00:14:59 (5068 turns).

gelatine the Chiller (Hill Orc Ice Elementalist)    Turns: 5068, Time: 00:15:00

HP:   0/61 (68)     AC: 13    Str: 11    XL:     8   Next: 41%
MP:   8/23          EV: 12    Int: 17    God:    Vehumet [......]
Gold: 232           SH:  0    Dex: 11    Spells: 4/15 levels left

rFire   . . .        l - +0 long sword
rCold   . . .        (no shield)
rNeg    . . .        r - +2 robe {Will+}
rPois   .            (no helmet)
rElec   .            (no cloak)
rCorr   .            (no gloves)
SInv    .            g - +1 pair of boots
Will    +....        (no amulet)
Stlth   ++           f - ring of magical power
HPRegen 0.30/turn    u - ring of wizardry
MPRegen 0.18/turn

%: wizardry (x1)
@: brilliant, ice-armoured, freezing walls, heavily drained
A: no striking features
a: Renounce Religion


You were on level 6 of the Dungeon.
You worshipped Vehumet.
Vehumet was noncommittal.
You visited 2 branches of the dungeon, and saw 7 of its levels.
You also visited: Sewer.

You collected 232 gold pieces.

Inventory:

Hand Weapons
 l - a +0 long sword (weapon)
 n - a +0 scimitar
 s - a +2 heavy scythe
Missiles
 w - 2 throwing nets
Armour
 g - a +1 pair of boots (worn)
 r - a +2 robe of willpower (worn)
Jewellery
 f - a ring of magical power (left hand)
 u - a ring of wizardry (right hand)
Wands
 a - a wand of flame (11)
 t - a wand of charming (6)
Scrolls
 c - a scroll of enchant armour
 d - 3 scrolls of identify
 e - 4 scrolls of teleportation
 h - 2 scrolls of fear
 m - 2 scrolls of butterflies
 p - a scroll of immolation
 q - a scroll of fog
 x - a scroll of blinking
 y - a scroll of amnesia
Potions
 b - 2 potions of magic
 i - 3 potions of curing
 j - a potion of enlightenment
 k - a potion of might
 v - 2 potions of attraction {unknown}
 z - a potion of heal wounds {unknown}


   Skills:
 * Level 5.2 Fighting
 + Level 0.7 Long Blades
 + Level 2.1 Dodging
 + Level 1.7 Stealth
 + Level 0.7 Unarmed Combat
 + Level 4.1 Spellcasting
 * Level 7.0 Ice Magic


You had 4 spell levels left.
You knew the following spells:

 Your Spells              Type           Power      Damage    Failure   Level
a - Freeze                Ice            100%       1d10      1%          1
b - Frozen Ramparts       Ice            82%        1d13      1%          3
c - Ozocubu's Armour      Ice            41%        N/A       1%          3
d - Summon Ice Beast      Ice/Summ       23%        N/A       16%         4

Your spell library contained the following spells:

 Spells                   Type           Power      Damage    Failure   Level
 Tukima's Dance           Hex            5%         N/A       19%         3
 Passage of Golubria      Tloc           5%         N/A       50%         4
 Yara's Violent Unravell  Hex/Tmut       2%         3d3       83%         5


Dungeon Overview and Level Annotations

Branches:
Dungeon (6/15)             Temple (1/1) D:5           Sewer (visited)

Altars:
Ashenzari
Cheibriados
Elyvilon
Gozag
Kikubaaqudgha
Makhleb
Ru
Trog
Uskayaw
Vehumet
Wu Jian
Xom
Yredelemnul
The Shining One

Shops:
D:5 (=


Message History

* * * LOW HITPOINT WARNING * * *
Casting: Ozocubu's Armour (safe; 1% risk of failure)
Confirm with . or Enter, or press ? or * to list all spells.
Casting: Frozen Ramparts (safe; 1% risk of failure)
Press: ? - help, Dir - look around, f - activate A stone staircase leading down, spattered with blood.
The walls around you are covered in ice.
The wight resists.
The wall freezes the wight.
The wight completely misses you.
The wall freezes the orc.
The orc hits you with a +0 trident.
* * * LOW HITPOINT WARNING * * *
The wall freezes the wight but does no damage.
The wall freezes the jelly.
The wight resists.
The wall freezes the wight.
The wight hits you with a +5 falchion!
* * * LOW HITPOINT WARNING * * *
You feel drained.
* * * LOW HITPOINT WARNING * * *
The wall freezes the ogre!
It was a potion of curing.
You feel better.
The wall freezes the orc!
You kill the orc!
Vehumet accepts your kill.
The wight completely resists.
The wall freezes the wight but does no damage.
The wight barely misses you.
The wall freezes the wight but does no damage.
The wall freezes the jelly!
The wight completely resists.
The wall freezes the wight but does no damage.
The wight hits you but does no damage.
The wall freezes the ogre!
It was a potion of brilliance.
You feel clever all of a sudden.
The wight resists.
The wall freezes the wight.
The wight hits you with a +3 halberd.
* * * LOW HITPOINT WARNING * * *
The wall freezes the jelly!
The wight completely resists.
The wall freezes the wight but does no damage.
The wight hits you with a +5 falchion!
* * * LOW HITPOINT WARNING * * *
You feel drained.
The wall freezes the wight but does no damage.
The wight hits you with a +4 war axe.
You die...

.. ....### ...
...#). .... ..
..#.# .... #.##.#.#
..... #....#.#
..... .######...##
......
.......<#..##!....#
#######.#..#zO....#
..#.)@z#
#......zJ....#
....##++##.....#
#.#. .....# #...
..... # .. .....
##.. $.


You could see an ogre, a jelly and 3 wights.

Vanquished Creatures
  Pikel (D:4)
  Sigmund (D:3)
  A kobold brigand (Sewer)
  An orc priest (D:5)
  2 hounds
  A sleepcap (D:4)
  2 iguanas (D:4)
  An orc wizard (D:5)
  4 gnolls (D:4)
  12 adders
  A white imp (D:5)
  4 worms
  3 dart slugs
  11 orcs
  A bat zombie (D:4)
  9 endoplasms
  5 giant cockroaches
  5 goblins
  7 hobgoblins
  5 jackals
  4 quokkas
  9 ball pythons
  4 bats
  A frilled lizard (D:2)
  8 kobolds
  6 rats
  3 rat zombies (D:4)
112 creatures vanquished.

Vanquished Creatures (collateral kills)
  An orc wizard (D:5)
  An adder (Sewer)
  2 orcs (D:5)
4 creatures vanquished.

Grand Total: 116 creatures vanquished

Notes
Turn   | Place    | Note
-------+----------+-------------------------------------------
     0 | D:1      | gelatine the Hill Orc Ice Elementalist began the quest for
                  | the Orb.
     0 | D:1      | Reached XP level 1. HP: 14/14 MP: 3/3
   139 | D:1      | Reached XP level 2. HP: 17/20 MP: 2/4
   391 | D:1      | Found a faded altar of an unknown god.
   564 | D:1      | Reached skill level 4 in Ice Magic
   564 | D:1      | Reached XP level 3. HP: 21/26 MP: 1/5
  1513 | D:2      | Reached skill level 1 in Fighting
  1679 | D:2      | Reached XP level 4. HP: 31/35 MP: 7/7
  2014 | D:3      | Noticed Sigmund
  2025 | D:3      | Learned a level 3 spell: Frozen Ramparts
  2029 | D:3      | Learned a level 3 spell: Ozocubu's Armour
  2218 | D:3      | Found a shimmering altar of Xom.
  2218 | D:3      | Found an ornate altar of the Wu Jian Council.
  2220 | D:3      | Found an opulent altar of Gozag.
  2223 | D:3      | Found a hide-covered altar of Uskayaw.
  2364 | D:3      | Reached XP level 5. HP: 37/41 MP: 8/8
  2580 | D:3      | Killed Sigmund
  2581 | D:3      | Reached skill level 5 in Ice Magic
  2581 | D:3      | Reached XP level 6. HP: 39/51 MP: 4/10
  3297 | D:4      | Reached XP level 7. HP: 44/58 MP: 11/11
  3358 | D:4      | Noticed Pikel
  3369 | D:4      | Killed Pikel
  3370 | D:4      | Reached skill level 6 in Ice Magic
  3370 | D:4      | Reached XP level 8. HP: 51/67 MP: 11/13
  3634 | D:4      | Found an ancient bone altar of Kikubaaqudgha.
  3860 | D:5      | Entered Level 5 of the Dungeon
  3895 | D:5      | Found a glowing drain.
  3908 | Sewer    | Entered a sewer
  3914 | Sewer    | Learned a level 4 spell: Summon Ice Beast
  4416 | D:5      | Found Meisy's Antique Weapon Emporium.
  4428 | D:5      | Found Kikhle Tuzur's Jewellery Emporium.
  4526 | D:5      | Found a staircase to the Ecumenical Temple.
  4538 | Temple   | Entered the Ecumenical Temple
  4686 | Temple   | Became a worshipper of Vehumet
  4709 | D:5      | Reached skill level 7 in Ice Magic
  4865 | D:5      | Found a white marble altar of Elyvilon.
  4913 | D:5      | Reached skill level 5 in Fighting
  4992 | D:5      | Found a basalt altar of Yredelemnul.
  5066 | D:6      | HP: 1/62 [wight/+5 falchion (4)]
  5068 | D:6      | Slain by a wight

Illustrated notes

Levels and vault maps discovered:
D:1:      zaba_arrival_water, layout_basic,
          hellmonk_ecumenical_altar_crossroads, minmay_misc_feat_pillars,
          minmay_misc_feat_four_crosses
D:2:      layout_loops_ring, st_stairs_7, corner_web_ring
D:3:      layout_rooms, minitemple, serial_rivers,
          chequers_serial_rivers_small_a, chequers_serial_rivers_micro_e,
          chequers_serial_rivers_room_b, chequers_serial_rivers_micro_c,
          chequers_serial_rivers_micro_b, corexii_item_surrounded_by_moat,
          uniq_sigmund
D:4:      layout_cave_pools, lemuel_zombie_altar_kikubaaqudgha, uniq_pikel
D:5:      layout_rooms, kennysheep_ying_yang, minmay_temple_entry_junction_2,
          portal_sewer_entry_d, nicolae_wooded_promenade
D:6:      layout_basic, general_overflow_altar, kennysheep_generic_room_10
Temple:   hellmonk_temple_of_storms

Skill      XL: |  1  2  3  4  5  6  7  8 |
---------------+-------------------------+-----
Ice Magic      | 4 5 6 7 |  7.0
Spellcasting   | 2 3 4 |  4.1
Fighting       | 1 2 3 4 5 |  5.2
Dodging        | 2 |  2.1
Long Blades    | |  0.7
Stealth        | |  1.7
Unarmed Combat | |  0.7

Action                     |  1- 3 |  4- 6 |  7- 9 || total
---------------------------+-------+-------+-------++-------
  Melee: Unarmed           |    46 |     1 |       ||    47
         Long sword        |       |    11 |    67 ||    78
         Punch             |       |       |     1 ||     1
   Cast: Freeze            |    70 |    66 |    67 ||   203
         Frozen Ramparts   |       |     3 |    11 ||    14
         Ozocubu's Armour  |       |     3 |     5 ||     8
         Summon Ice Beast  |       |       |     2 ||     2
    Use: Scroll            |       |     2 |     9 ||    11
         Potion            |       |       |     2 ||     2
   Stab: Sleeping          |       |       |     1 ||     1
 Armour: Robe              |    77 |    42 |   113 ||   232
  Dodge: Dodged            |    94 |    38 |    92 ||   224

Table legend: (Time is in decaauts)
 A = Elapsed time spent in this place.
 B = Non-inter-level travel time spent in this place.
 C = Inter-level travel time spent in this place.
 D = Time resting spent in this place.
 E = Time spent auto-exploring this place.
 F = Levels seen in this place.
 G = Mean time per level.
                   A        B        C        D        E       F      G
               +--------+--------+--------+--------+--------+-----+--------+
         Total |   5183 |   5037 |    146 |      0 |   3953 |   8 |  647.9 |
       Dungeon |   4610 |   4476 |    134 |      0 |   3550 |   6 |  768.3 |
        Temple |     17 |      5 |     12 |      0 |      0 |   1 |   17.0 |
         Sewer |    555 |    555 |      0 |      0 |    402 |   1 |  555.0 |
               +--------+--------+--------+--------+--------+-----+--------+

Top non-repeatable levels by time:
     D:1: 1072 daAuts
     D:4: 981 daAuts
     D:2: 942 daAuts
     D:3: 881 daAuts
     D:5: 712 daAuts
   Sewer: 555 daAuts
     D:6: 19 daAuts
  Temple: 17 daAuts
